 Dungeon Crawl Stone Soup version 0.24-a0-408-gcc1054c7ca (webtiles) character file.

Game seed: 6120758243050200168

136 Gargoyl the Skirmisher (level 4, -8/38 HPs)
             Began as a Centaur Abyssal Knight on June 5, 2019.
             Was a Follower of Lugonu.
             Killed by divine providence
             ... invoked by an orc priest
              (13 damage)
             ... on level 3 of the Dungeon.
             The game lasted 00:03:30 (2080 turns).

Gargoyl the Skirmisher (Centaur Abyssal Knight)     Turns: 2080, Time: 00:03:31

Health: -8/38      AC:  5    Str: 11 (14) XL:     4   Next: 98%
Magic:  6/6        EV:  9    Int:  9 (11) God:    Lugonu [*.....]
Gold:   155        SH:  0    Dex:  7 (10) Spells: 3/3 levels left

rFire    . . .     SeeInvis .   a - +2 hand axe
rCold    . . .     Gourm    .   (no shield)
rNeg     . . .     Faith    .   d - +0 troll leather armour
rPois    .         Spirit   .   (no helmet)
rElec    .         Reflect  .   (no cloak)
rCorr    .         Harm     .   (no gloves)
MR       .....                  (no barding)
Stlth    ..........             (no amulet)
HPRegen  0.52/turn              (no ring)
MPRegen  0.10/turn              (no ring)

@: very quick
A: large, hooves 3, deformed body, speed 2, tough skin 3
a: Depart the Abyss, Renounce Religion


You were on level 3 of the Dungeon.
You worshipped Lugonu.
Lugonu was aware of your devotion.
You were not hungry.

You visited 1 branch of the dungeon, and saw 3 of its levels.
You visited the Abyss 1 time.

You collected 155 gold pieces.

Inventory:

Hand Weapons
 a - a +2 hand axe (weapon)
Armour
 d - a +0 troll leather armour (worn)
Wands
 k - a wand of flame (20)
Scrolls
 b - a scroll of remove curse
 g - 2 scrolls of identify
Comestibles
 c - 8 rations


   Skills:
 + Level 3.5 Fighting
 + Level 2.9 Axes
 * Level 2.2 Armour
 * Level 1.4 Dodging
 * Level 2.8 Invocations


You had 3 spell levels left.
You didn't know any spells.
Your spell library was empty.

Dungeon Overview and Level Annotations

Branches:
Dungeon (3/15)

Altars:
Cheibriados
Gozag
Wu Jian
Zin

Annotations:
D:3 Conn's ghost, weakling TeFE; Ijyb


Innate Abilities, Weirdness & Mutations

You have hooves in place of feet.
Armour fits poorly on your strangely shaped body.
You cover ground very quickly.
You have extremely tough skin. (AC +3)


Message History

Okay, then.
Okay, then.
It was a potion of heal wounds.
You feel much better.
You feel sick.
Ijyb shouts!
The orc throws a boomerang.
The boomerang hits you.
The weapon returns to the orc!
Unknown command.
It was a potion of curing.
You feel better.
The orc throws a boomerang.
The boomerang hits you.
The weapon returns to the orc!
It was a potion of degeneration.
There was something very wrong with that liquid.
You feel weakened.
You feel dopey.
You feel clumsy.
You recover from your berserk rage.
Ijyb zaps a wand.
You are blasted!
Ouch! That really hurt!
* * * LOW HITPOINT WARNING * * *
An orc priest comes into view.
The orc priest mumbles some strange prayers to Beogh against you.
Beogh smites you!
You die...

,,,,,,,*,*,,,,,,,**≈≈≈≈≈≈≈≈≈≈≈≈≈≈
,,,,,,,*,#$.o....#≈≈≈≈≈≈≈≈≈≈≈≈≈≈≈
,,,,,,,*,#..g..o.#≈≈≈≈≈≈≈≈≈≈≈≈≈≈≈
********,#....o..#≈≈≈≈≈≈≈*,,*≈≈≈≈
,*******,#.....=o+,,,,,,,,**,,,,,
..,,,,,,,.....o..+,,,,,,,,**,,,,,
.###**....##.....#≈≈≈≈≈≈≈*,,*≈≈≈≈
...,,,....#**#...#≈≈≈≈≈≈≈≈≈≈≈≈≈≈≈
..,,,,....#*_*#.@#≈≈≈≈≈≈≈≈≈≈≈≈≈≈≈
.,,,,,...#*,,,##W#*≈≈≈≈≈≈≈≈≈≈≈≈≈≈
#*****...#⌠,*,⌠#l#**≈≈≈≈≈≈≈≈≈≈≈≈≈
######...#*,,,##.# **≈≈≈≈≈≈≈≈≈≈≈≈
.)W...#*,***,*#..# **≈≈≈≈≈≈≈≈≈≈*
#####.#*,*≈*+*#..# **≈≈≈≈≈≈≈≈**
.♣⌠♣#.##.+,,,≈#..# **********
....#.##.#≈*+*#..#
....#.##.#**,*#..#


You could see Ijyb, 2 orc priests, an orc wizard, Conn's ghost, 2 orcs and a
leopard gecko.

Vanquished Creatures
  The ghost of alpinistek the Chiller, an amateur NaIE (D:3)
  A worm (D:2)
  2 dart slugs (D:2)
  3 leopard geckos (D:1)
  5 bats
  2 giant cockroaches
  6 goblins
  5 hobgoblins
  A quokka (D:2)
  5 frilled lizards
  7 kobolds
  4 rats
42 creatures vanquished.

Notes
Turn   | Place    | Note
-------+----------+-------------------------------------------
     0 | Abyss:1  | Gargoyl the Centaur Abyssal Knight began the quest for the
                  | Orb.
     0 | Abyss:1  | Reached XP level 1. HP: 19/19 MP: 2/2
    55 | Abyss:2  | Noticed a red devil
    55 | Abyss:2  | Noticed a red devil
    55 | Abyss:2  | Noticed a balrug
    55 | Abyss:2  | Noticed a sun demon
    59 | Abyss:2  | Found a corrupted altar of Lugonu.
   101 | D:1      | Escaped the Abyss
   400 | D:1      | Reached XP level 2. HP: 21/26 MP: 3/3
   448 | D:1      | Reached * piety under Lugonu
   751 | D:1      | Reached skill level 1 in Dodging
   895 | D:1      | Reached XP level 3. HP: 31/31 MP: 4/4
  1179 | D:2      | Found a snail-covered altar of Cheibriados.
  1300 | D:2      | Found an opulent altar of Gozag.
  1301 | D:2      | Found a glowing silver altar of Zin.
  1975 | D:3      | Found an ornate altar of the Wu Jian Council.
  2003 | D:3      | Found a runed translucent gate.
  2003 | D:3      | Found a runed translucent gate.
  2003 | D:3      | Found a runed translucent gate.
  2003 | D:3      | Noticed alpinistek's ghost (amateur NaIE)
  2004 | D:3      | Noticed Conn's ghost (weakling TeFE)
  2022 | D:3      | HP: 1/31 [alpinistek's ghost/Freeze (9)]
  2025 | D:3      | Killed alpinistek's ghost
  2025 | D:3      | Reached XP level 4. HP: 4/38 MP: 4/6
  2077 | D:3      | Noticed Ijyb
  2080 | D:3      | Killed from afar by an orc priest

Levels and vault maps discovered:
D:1:      wander_arrival_lonely_grave, layout_basic, hangedman_decor_lopped
D:2:      layout_loops_ring, grunt_temple_overflow_gold_and_silver,
          kennysheep_slug_shrine, serial_forest, infiniplex_forest_clump_curved,
          infiniplex_forest_clump_medium, infiniplex_forest_clump_small,
          infiniplex_forest_clump_small, infiniplex_forest_clump_small,
          infiniplex_forest_straight_5, first_ration
D:3:      kennysheep_big_flooded_room, layout_basic, lemuel_crystal_altar,
          minitemple, amethyst_overflow_temple_binary, gammafunk_ghost_cemetery,
          uniq_ijyb

Skill      XL: |  1  2  3 |
---------------+----------+-----
Axes           | 2 |  2.9
Dodging        | 1 |  1.4
Armour         | 2 |  2.2
Fighting       | |  3.5
Invocations    | |  2.8

Action                   |  1- 3 |  4- 6 || total
-------------------------+-------+-------++-------
Melee: Hand axe          |   119 |     3 ||   122
       Kick              |    18 |     1 ||    19
Invok: Depart the Abyss  |     1 |       ||     1
  Use: Scroll            |     7 |       ||     7
       Potion            |     1 |     3 ||     4
  Eat: Chunk             |     2 |       ||     2
Armor: Troll leather arm |    42 |    11 ||    53
Dodge: Dodged            |    59 |    10 ||    69

Table legend:
 A = Non-vault XP
 B = Vault XP
 C = Vault XP percentage of total XP
 D = Non-vault monster count
 E = Vault monster count
 F = Vault count percentage of total count
                 A         B        C        D         E       F
            +---------+---------+-------+---------+---------+-------
      Total |      73 |     122 |  62.6 |      40 |       2 |   4.8
            +---------+---------+-------+---------+---------+-------
        D:1 |      41 |       0 |   0.0 |      24 |       0 |   0.0
        D:2 |      29 |       4 |  12.1 |      14 |       1 |   6.7
        D:3 |       3 |     118 |  97.5 |       2 |       1 |  33.3
            +---------+---------+-------+---------+---------+-------
